[Event "TIPC 2006"]
[Site "Charleroi BEL"]
[Date "2006.07.29"]
[Round "1"]
[White "Deschuyteneer, Lucien"]
[Black "Marville, Grégoire"]
[Result "0-1"]
[ECO "B33"]
[WhiteElo "1446"]
[BlackElo "1975"]
[PlyCount "86"]
[TimeControl "40/7200:3600"]

1. e4 c5 2. Nf3 Nc6 3. d4 cxd4 4. Nxd4 Nf6 5. Nc3 e5 6.
Nb3 Bb4 7. Bd3 d5 8. exd5 Nxd5 9. Bd2 Nxc3 10. Bxc3 Bxc3+ 11. bxc3 O-O 12. O-O
Qc7 13. Qh5 g6 14. Qh6 Ne7 15. c4 Nf5 16. Qd2 Be6 17. Qb4 Rac8 18. Nd2 Nd6 19.
Rfb1 b6 20. a4 Nxc4 21. Nxc4 Bxc4 22. a5 Bxd3 23. cxd3 Rb8 24. axb6 Rxb6 25.
Qe1 Rd8 26. Rxb6 axb6 27. Qe3 Qc5 28. Qf3 Qd5 29. Qg3 e4 30. h3 Qxd3 31. Qc7
Qd6 32. Qc4 Qd4 33. Qa2 b5 34. Rb1 Qa4 35. Qe2 Qc4 36. Qb2 Rd5 37. Rc1 Qd4 38.
Rc8+ Kg7 39. Qb3 Qd1+ 40. Qxd1 Rxd1+ 41. Kh2 b4 42. Rc4 b3 43. Rxe4 b2 0-1

[Event "TIPC 2006"]
[Site "Charleroi BEL"]
[Date "2006.07.30"]
[Round "2"]
[White "Krasucki, Youri"]
[Black "Leitao, Rafael"]
[Result "0-1"]
[ECO "B20"]
[WhiteElo "2048"]
[BlackElo "2598"]
[PlyCount "34"]
[TimeControl "40/7200:3600"]

1. e4 c5 2. Bc4 e6 3. Qe2 Nc6 4. c3 g6 5. f4 Bg7 6.
Bb3 Nge7 7. d3 d5 8. e5 f6 9. Nf3 fxe5 10. fxe5 O-O 11. Nbd2 Qc7 12. d4 cxd4
13. cxd4 Nf5 14. Qd3 Qb6 15. Nf1 Nfxd4 16. Be3 Nxf3+ 17. gxf3 Nxe5 0-1

[Event "TIPC 2006"]
[Site "Charleroi BEL"]
[Date "2006.07.30"]
[Round "2"]
[White "Gharamian, Tigran"]
[Black "Delmont, Jean-Robert"]
[Result "1-0"]
[ECO "B52"]
[WhiteElo "2460"]
[BlackElo "2054"]
[PlyCount "81"]
[TimeControl "40/7200:3600"]

1. e4 c5 2. Nf3 d6 3. Bb5+ Bd7 4. Bxd7+ Qxd7 5. c4
e5 6. Nc3 Nf6 7. d3 Nc6 8. a3 Be7 9. Rb1 O-O 10. b4 b6 11. O-O Rfe8 12. h3 g6
13. Bd2 Bf8 14. Bg5 Bg7 15. b5 Ne7 16. Qd2 Nh5 17. Bxe7 Rxe7 18. Nd5 Ree8 19.
a4 Nf6 20. Nxf6+ Bxf6 21. a5 Bg7 22. axb6 axb6 23. Ra1 Qb7 24. Qb2 Bf6 25. Rfc1
Kf8 26. Rc3 Rxa1+ 27. Qxa1 Ra8 28. Ra3 Rxa3 29. Qxa3 Ke7 30. Qa6 Qb8 31. Nd2
Kd7 32. Nb1 Bg5 33. Qa2 Kc7 34. Nc3 Kd7 35. Nd5 Bd8 36. g3 Ke6 37. Qe2 Kd7 38.
Qd2 Qa7 39. Qh6 Qa1+ 40. Kg2 Qd4 41. Qxh7 1-0

[Event "TIPC 2006"]
[Site "Charleroi BEL"]
[Date "2006.07.30"]
[Round "2"]
[White "Fosset, François"]
[Black "Plachetka, Jan"]
[Result "0-1"]
[ECO "B20"]
[WhiteElo "2025"]
[BlackElo "2427"]
[PlyCount "62"]
[TimeControl "40/7200:3600"]

1. e4 c5 2. Bc4 Nc6 3. c3 Nf6 4. d3 e6 5. Qe2 d6 6.
Bb3 Be7 7. f4 O-O 8. Nf3 b6 9. O-O Ba6 10. Nbd2 d5 11. e5 Nh5 12. Ne1 g6 13. g4
Ng7 14. Ndf3 f6 15. exf6 Bxf6 16. Bd2 Qd6 17. Qg2 Rae8 18. h4 d4 19. c4 Bb7 20.
Ba4 Bd8 21. Bxc6 Qxc6 22. Qg3 Bc7 23. Ng2 Re7 24. b3 Ne8 25. Ne5 Bxe5 26. fxe5
Ref7 27. Bh6 Rf3 28. Qh2 Rxf1+ 29. Rxf1 Rxf1+ 30. Kxf1 Qf3+ 31. Kg1 Qxg4 0-1

[Event "TIPC 2006"]
[Site "Charleroi BEL"]
[Date "2006.07.30"]
[Round "2"]
[White "Eliet, Nicolas"]
[Black "Laurent, Michel"]
[Result "1-0"]
[ECO "E23"]
[WhiteElo "2427"]
[BlackElo "2026"]
[PlyCount "107"]
[TimeControl "40/7200:3600"]

1. d4 Nf6 2. c4 e6 3. Nc3 Bb4 4. Qb3 c5 5. dxc5 Nc6
6. Nf3 Ne4 7. Bd2 Nxd2 8. Nxd2 O-O 9. g3 Bxc5 10. Bg2 b6 11. O-O Bb7 12. e3 f5
13. a3 Qc8 14. Nf3 Be7 15. Qc2 g5 16. Qe2 Na5 17. Nd2 Bxg2 18. Kxg2 Qc6+ 19.
Kg1 Bf6 20. Rac1 Nb7 21. Rfd1 Rf7 22. b3 g4 23. Nb5 a6 24. Nd4 Qc7 25. b4 Rg7
26. c5 bxc5 27. N2b3 h5 28. Nxc5 Nxc5 29. Rxc5 Qb7 30. Qf1 Bd8 31. Rdc1 Bb6 32.
R5c4 Kf7 33. Qg2 Qxg2+ 34. Kxg2 Kf6 35. Nb3 h4 36. Rc8 Rg8 37. Rxg8 Rxg8 38.
gxh4 Rh8 39. Nc5 Ke7 40. Nxa6 Rxh4 41. Rc8 Kd6 42. a4 Rh3 43. a5 Bxe3 44. fxe3
Rxe3 45. b5 f4 46. b6 Re2+ 47. Kg1 Re1+ 48. Kf2 Rb1 49. Rc2 Kd5 50. Nc5 e5 51.
a6 e4 52. Nxe4 Rxb6 53. Nc3+ Kd4 54. a7 1-0

[Event "TIPC 2006"]
[Site "Charleroi BEL"]
[Date "2006.07.30"]
[Round "2"]
[White "Foisor, Mihaela-Veronica"]
[Black "Hanley, Craig"]
[Result "0-1"]
[ECO "E29"]
[WhiteElo "2005"]
[BlackElo "2419"]
[PlyCount "100"]
[TimeControl "40/7200:3600"]

1. d4 e6 2. c4 Nf6 3. Nc3 Bb4 4. a3 Bxc3+ 5. bxc3 c5
6. e3 Nc6 7. Bd3 O-O 8. Ne2 b6 9. e4 Ne8 10. O-O Ba6 11. f4 f5 12. dxc5 bxc5
13. exf5 exf5 14. Ng3 g6 15. Be3 d6 16. Bf2 Qd7 17. Qa4 Ne5 18. Qxa6 Nxd3 19.
Rad1 Nxf2 20. Rxf2 Rb8 21. Nf1 Rb6 22. Qa5 Nf6 23. Ne3 Ne4 24. Re2 Qb7 25. Nd5
Ra6 26. Qb5 Qxb5 27. cxb5 Rxa3 28. c4 Kf7 29. Ree1 Rb8 30. Ra1 Rxa1 31. Rxa1
Rb7 32. Ra6 Ke6 33. g3 h6 34. Kg2 g5 35. h3 Rg7 36. Kh2 gxf4 37. Nxf4+ Ke5 38.
Ne2 Nd2 39. Ra4 Ke4 40. Kg2 Kd3 41. Nf4+ Kc3 42. Ra6 Ne4 43. Ne2+ Kxc4 44. b6
axb6 45. Rxb6 d5 46. Rxh6 Nxg3 47. Nxg3 f4 48. Rh4 Rxg3+ 49. Kf2 d4 50. Rxf4
Rxh3 0-1

[Event "TIPC 2006"]
[Site "Charleroi BEL"]
[Date "2006.07.30"]
[Round "2"]
[White "Perez Garcia, Rodney"]
[Black "Charlier, Laurent"]
[Result "1-0"]
[ECO "A21"]
[WhiteElo "2412"]
[BlackElo "2007"]
[PlyCount "135"]
[TimeControl "40/7200:3600"]

1. c4 g6 2. Nc3 Bg7 3. g3 e5 4. Bg2 Nh6 5. Nf3 O-O
6. d4 exd4 7. Nxd4 Nc6 8. Nxc6 dxc6 9. Qb3 Nf5 10. O-O Nd4 11. Qa4 b5 12. cxb5
cxb5 13. Qd1 Rb8 14. e3 Ne6 15. Qe2 Qe7 16. Nd5 Qe8 17. Bd2 c6 18. Nc3 b4 19.
Ne4 Qe7 20. Bc1 Rb6 21. Qc2 f5 22. Nd2 Ba6 23. Rd1 Be2 24. Re1 Bb5 25. Rb1 Nc5
26. Nc4 Ra6 27. Rd1 Rxa2 28. Nd6 Ba4 29. Qc4+ Qe6 30. Qxe6+ Nxe6 31. b3 Bb5 32.
Nxb5 cxb5 33. Bd5 Ra6 34. Bd2 Bc3 35. Rbc1 Bxd2 36. Rxd2 Kg7 37. Bxe6 Rxe6 38.
Rc7+ Rf7 39. Rdd7 Rxd7 40. Rxd7+ Kh6 41. Rxa7 Rc6 42. Rb7 Rc5 43. h4 Rc3 44.
Rxb5 Rxb3 45. Rb7 Rb1+ 46. Kg2 b3 47. Kf3 b2 48. Kf4 Ra1 49. Rxb2 Ra4+ 50. Kf3
Kg7 51. Rb7+ Kg8 52. h5 gxh5 53. Rb5 h4 54. Rxf5 hxg3 55. Kxg3 Kg7 56. Rf4 Ra6
57. e4 h5 58. Rf5 Rg6+ 59. Kf3 Rh6 60. Ra5 h4 61. Ra7+ Kf8 62. Kg4 h3 63. Ra1
Kf7 64. Rh1 h2 65. Kg3 Ke6 66. Rxh2 Rg6+ 67. Kf4 Rf6+ 68. Ke3 1-0

[Event "TIPC 2006"]
[Site "Charleroi BEL"]
[Date "2006.07.30"]
[Round "2"]
[White "Lui, Eric"]
[Black "Laurent, Bruno"]
[Result "0-1"]
[ECO "C67"]
[WhiteElo "2003"]
[BlackElo "2404"]
[PlyCount "104"]
[TimeControl "40/7200:3600"]

1. e4 e5 2. Nf3 Nc6 3. Bb5 Nf6 4. O-O Nxe4 5. Nxe5
Nxe5 6. Re1 Nd6 7. Rxe5+ Be7 8. Bd3 O-O 9. Nc3 Bf6 10. Re1 b6 11. Nd5 Bb7 12.
c3 Bxd5 13. Qh5 Be4 14. Bxe4 Nxe4 15. Rxe4 d5 16. Re1 d4 17. Qf3 Qd6 18. Qe4
Qd7 19. Qd3 Rfe8 20. Rd1 Qg4 21. f3 Qh4 22. g3 Qh3 23. c4 h5 24. a4 Be7 25. b3
h4 26. Qf1 Qxf1+ 27. Kxf1 d3 28. Bb2 Bb4 29. Bc3 Bd6 30. Re1 hxg3 31. h3 Bc5
32. Kg2 Bf2 33. Re4 f5 34. Re5 a5 35. h4 g6 36. f4 Kf7 37. Rd5 Rad8 38. Rxd8
Rxd8 39. Be5 Rd7 40. Rh1 Ke6 41. h5 gxh5 42. Rxh5 Rf7 43. Rh6+ Kd7 44. Kf3 Re7
45. Rg6 Rh7 46. Rg7+ Rxg7 47. Bxg7 Be1 48. Bc3 Kc6 49. Kg2 Kc5 50. Kf1 Bf2 51.
Kg2 Bd4 52. Bxd4+ Kxd4 0-1

[Event "TIPC 2006"]
[Site "Charleroi BEL"]
[Date "2006.07.30"]
[Round "2"]
[White "Vandevoort, Pascal"]
[Black "Vanhee, Freddy"]
[Result "1/2-1/2"]
[ECO "E94"]
[WhiteElo "2388"]
[BlackElo "2005"]
[PlyCount "63"]
[TimeControl "40/7200:3600"]

1. d4 Nf6 2. c4 d6 3. Nc3 Nbd7 4. e4 e5 5. Nf3 g6 6.
Be2 Bg7 7. O-O O-O 8. Qc2 c6 9. Rd1 Qe7 10. d5 cxd5 11. cxd5 Ne8 12. Nb5 Ndf6
13. a4 Nh5 14. Nxa7 Bg4 15. Nb5 Nf4 16. Bxf4 exf4 17. Nbd4 Nf6 18. h3 Rfc8 19.
Qb3 Bxf3 20. Bxf3 Nd7 21. a5 Bxd4 22. Rxd4 Ne5 23. Rb4 Qd8 24. Rba4 Rc5 25. Be2
Rcxa5 26. Rxa5 Rxa5 27. Rc1 b6 28. g3 g5 29. gxf4 gxf4 30. Kh2 Kf8 31. Qb4 Rc5
32. Rxc5 1/2-1/2

[Event "TIPC 2006"]
[Site "Charleroi BEL"]
[Date "2006.07.30"]
[Round "2"]
[White "Foisor, Sabina-Francesca"]
[Black "Vivone, Santino"]
[Result "1-0"]
[ECO "E39"]
[WhiteElo "2292"]
[BlackElo "1995"]
[PlyCount "81"]
[TimeControl "40/7200:3600"]

1. d4 Nf6 2. c4 e6 3. Nc3 Bb4 4. Qc2 O-O 5. Nf3 c5
6. dxc5 Na6 7. Bd2 Nxc5 8. a3 Bxc3 9. Bxc3 d6 10. Nd2 e5 11. b4 Ne6 12. e3 b6
13. Bd3 Bb7 14. O-O Qe7 15. f4 Nc7 16. fxe5 dxe5 17. Rae1 g6 18. Qb2 Nd7 19.
Be4 Bxe4 20. Nxe4 f5 21. Nd2 e4 22. Nb3 Rfe8 23. Rd1 Rac8 24. Rd2 Ne6 25. Rfd1
Rc7 26. Rd6 Nef8 27. Qe2 Ne5 28. Bxe5 Qxe5 29. c5 bxc5 30. Nxc5 Qc3 31. Na6 Rb7
32. a4 Kg7 33. b5 Qa3 34. R6d4 Ree7 35. Nb4 Ne6 36. Rc4 Red7 37. Nd5 Nc5 38.
Rc3 Nb3 39. Qc2 Rxd5 40. Rxd5 Qa1+ 41. Rd1 1-0

[Event "TIPC 2006"]
[Site "Charleroi BEL"]
[Date "2006.07.30"]
[Round "2"]
[White "Marville, Grégoire"]
[Black "Maes, Wim"]
[Result "1/2-1/2"]
[ECO "B44"]
[WhiteElo "1975"]
[BlackElo "2287"]
[PlyCount "55"]
[TimeControl "40/7200:3600"]

1. e4 c5 2. Nf3 e6 3. d4 cxd4 4. Nxd4 Nc6 5. Bf4 d6
6. Nb5 e5 7. Be3 a6 8. N5c3 Nf6 9. Bg5 Be7 10. Bxf6 Bxf6 11. Nd2 Be6 12. Nc4
Nd4 13. Ne3 Rc8 14. Bd3 O-O 15. Ncd5 Bg5 16. c3 Nc6 17. O-O Ne7 18. Bc2 Nxd5
19. Nxd5 Kh8 20. Re1 Rc5 21. Ne3 g6 22. Bb3 Bc8 23. Qd3 b5 24. Rad1 Be7 25. Nd5
Bg5 26. Ne3 Be7 27. Nd5 Bg5 28. Ne3 1/2-1/2

[Event "TIPC 2006"]
[Site "Charleroi BEL"]
[Date "2006.07.30"]
[Round "2"]
[White "Lhost, Geoffrey"]
[Black "Denayer, Eric"]
[Result "0-1"]
[ECO "E28"]
[WhiteElo "1966"]
[BlackElo "2279"]
[PlyCount "54"]
[TimeControl "40/7200:3600"]

1. d4 Nf6 2. c4 e6 3. Nc3 Bb4 4. a3 Bxc3+ 5. bxc3 c5
6. e3 O-O 7. Bd3 d6 8. Ne2 e5 9. e4 Nc6 10. d5 Ne7 11. O-O Ng6 12. Bg5 h6 13.
Bd2 Nh5 14. f4 Bg4 15. g3 exf4 16. gxf4 Qe7 17. Qe1 Nh4 18. Ng3 Rae8 19. Qe3 f5
20. Rae1 fxe4 21. Bxe4 Qf6 22. Nxh5 Bxh5 23. Qh3 Rxe4 24. Rxe4 Qg6+ 25. Qg3
Qxe4 26. Qxh4 Rf6 27. Be1 Be2 0-1

[Event "TIPC 2006"]
[Site "Charleroi BEL"]
[Date "2006.07.30"]
[Round "2"]
[White "Wantiez, Fabrice"]
[Black "Todts, Benny"]
[Result "1-0"]
[ECO "C18"]
[WhiteElo "2265"]
[BlackElo "1983"]
[PlyCount "87"]
[TimeControl "40/7200:3600"]

1. e4 e6 2. d4 d5 3. Nc3 Bb4 4. e5 c5 5. a3 Bxc3+ 6.
bxc3 Qc7 7. f4 Ne7 8. Nf3 Nd7 9. Bd3 f6 10. c4 O-O 11. cxd5 Nxd5 12. c4 N5b6
13. d5 exd5 14. e6 dxc4 15. exd7 cxd3 16. dxc8=Q Raxc8 17. Qxd3 Rfe8+ 18. Kf2
Rcd8 19. Qc2 c4 20. Rd1 Nd5 21. Rb1 a6 22. a4 Nb4 23. Rxd8 Rxd8 24. Qc3 Nd3+
25. Kg3 Qc5 26. Rxb7 Qf2+ 27. Kh3 Qc5 28. Kg3 Qf2+ 29. Kh3 Qc5 30. Rb2 Nxb2 31.
Bxb2 Rd3 32. Qe1 Qc8+ 33. Kg3 c3 34. Qe2 Qd7 35. Bc1 Rd6 36. Qc4+ Kf8 37. Ba3
Ke8 38. Bxd6 Qxd6 39. Qxc3 g5 40. Qc4 h5 41. h3 h4+ 42. Kh2 Kf8 43. Qd4 Qc6 44.
fxg5 1-0

[Event "TIPC 2006"]
[Site "Charleroi BEL"]
[Date "2006.07.30"]
[Round "2"]
[White "Russo, Julien"]
[Black "Vanderose, Michel"]
[Result "1-0"]
[ECO "C08"]
[WhiteElo "2145"]
[BlackElo "1909"]
[PlyCount "78"]
[TimeControl "40/7200:3600"]

1. e4 e6 2. d4 d5 3. Nd2 a6 4. Ngf3 c5 5. exd5 exd5 6. Be2 Nf6 7. O-O c4 8. Re1
Be7 9. b3 b5 10. c3 O-O 11. a4 Bb7 12. Ne5 Bd6 13. Ndf3 Ne4 14. Qc2 f6 15. Ng4
Qc8 16. h3 cxb3 17. Qxb3 Qxc3 18. Qxc3 Nxc3 19. axb5 Re8 20. Ne3 axb5 21. Rxa8
Bxa8 22. Bd3 b4 23. Bd2 Rc8 24. Bf5 Re8 25. Bxc3 bxc3 26. Rc1 g6 27. Bb1 Rc8
28. Ba2 Bf4 29. Kf1 Bxe3 30. fxe3 Na6 31. Ke2 Nb4 32. Bb3 Bb7 33. Ne1 Ba6+ 34.
Kd1 Kf8 35. Ra1 Bc4 36. Bxc4 Rxc4 37. Nc2 Nd3 38. Ra8+ Kg7 39. Ra7+ Kh6 {Time}
1-0

[Event "TIPC 2006"]
[Site "Charleroi BEL"]
[Date "2006.07.30"]
[Round "2"]
[White "Bruno, Ricardo"]
[Black "Camus, Béranger"]
[Result "0-1"]
[ECO "A45"]
[WhiteElo "1892"]
[BlackElo "2135"]
[PlyCount "116"]
[TimeControl "40/7200:3600"]

1. d4 Nf6 2. Bg5 e6 3. e4 h6 4. Bxf6 Qxf6 5. c3 c5
6. e5 Qd8 7. d5 d6 8. Bb5+ Bd7 9. Bxd7+ Qxd7 10. exd6 Bxd6 11. dxe6 Qxe6+ 12.
Qe2 Qxe2+ 13. Nxe2 O-O 14. O-O Re8 15. Re1 Nc6 16. Na3 Rad8 17. Kf1 a6 18. Nc4
Bc7 19. Rad1 Re4 20. Rxd8+ Nxd8 21. Ne3 Rh4 22. h3 Ne6 23. Rd1 Kf8 24. Nf5 Ra4
25. a3 b5 26. Nd6 b4 27. Nc4 b3 28. Nd2 Ra5 29. Nc4 Ra4 30. Nd2 c4 31. Nf3 Ra5
32. Nfd4 Rd5 33. Nxe6+ fxe6 34. Ke1 Ke7 35. Rd4 Rxd4 36. Nxd4 e5 37. Ne2 Bd6
38. Kd2 Bc5 39. f3 Bf2 40. Nc1 Ke6 41. Ne2 g5 42. Nc1 Kf5 43. Ne2 h5 44. Kd1 g4
45. fxg4+ hxg4 46. hxg4+ Kxg4 47. Kd2 Bc5 48. Kd1 Be3 49. Ke1 Kf5 50. Kd1 Ke4
51. Ng3+ Kd3 52. Ne2 Bc5 53. Nc1+ Ke3 54. g4 Kf4 55. g5 Kxg5 56. Ne2 Kg4 57. a4
Kf3 58. Kd2 Kf2 0-1

[Event "TIPC 2006"]
[Site "Charleroi BEL"]
[Date "2006.07.30"]
[Round "2"]
[White "Allaert, Dimitri"]
[Black "Hovhanisian, Mher"]
[Result "0-1"]
[ECO "C15"]
[WhiteElo "1991"]
[BlackElo "2359"]
[PlyCount "58"]
[TimeControl "40/7200:3600"]

1. e4 e6 2. d4 d5 3. Nc3 Bb4 4. a3 Bxc3+ 5. bxc3 Ne7
6. Bd3 c5 7. exd5 exd5 8. Nf3 c4 9. Be2 O-O 10. O-O Re8 11. Bf4 Ng6 12. Bg3 Nd7
13. Re1 Nf6 14. Qc1 Ne4 15. Qb2 Qa5 16. Qb4 Qxb4 17. cxb4 Bf5 18. Rac1 a5 19.
Nh4 Nxh4 20. Bxh4 Nc3 21. Bf3 Rxe1+ 22. Rxe1 axb4 23. axb4 Bxc2 24. g4 Be4 25.
Bxe4 Nxe4 26. f3 Nd2 27. Kg2 Nb3 28. Re5 f6 29. Rxd5 c3 0-1

[Event "TIPC 2006"]
[Site "Charleroi BEL"]
[Date "2006.07.30"]
[Round "2"]
[White "Terrieux, Kevin"]
[Black "Mattheys, Eddy"]
[Result "1-0"]
[ECO "E73"]
[WhiteElo "2343"]
[BlackElo "2002"]
[PlyCount "51"]
[TimeControl "40/7200:3600"]

1. d4 Nf6 2. c4 g6 3. Nc3 Bg7 4. e4 d6 5. Be2 O-O 6.
Bg5 h6 7. Be3 e5 8. d5 a5 9. g4 Kh7 10. g5 Ng8 11. h4 f5 12. h5 gxh5 13. exf5
Bxf5 14. Rxh5 Bg6 15. gxh6 Bf6 16. Bd3 Qe8 17. Ne4 Nd7 18. Ne2 Ne7 19. N2g3 Kh8
20. Rh1 Nf5 21. Nxf5 Bxf5 22. Qc2 Qe7 23. O-O-O Bxe4 24. Bxe4 Nc5 25. Rdg1 Rg8
26. Rg7 1-0

[Event "TIPC 2006"]
[Site "Charleroi BEL"]
[Date "2006.07.30"]
[Round "2"]
[White "Russo, Bruno"]
[Black "Kadimova, Ilaha"]
[Result "0-1"]
[ECO "B17"]
[WhiteElo "1980"]
[BlackElo "2330"]
[PlyCount "76"]
[TimeControl "40/7200:3600"]

1. e4 c6 2. d4 d5 3. Nc3 dxe4 4. Nxe4 Nd7 5. Nf3
Ngf6 6. Ng3 e6 7. Bd3 Bd6 8. Bd2 Qb6 9. Bc3 Nd5 10. Ne4 Bf4 11. g3 Nxc3 12.
bxc3 Bc7 13. O-O Qa5 14. Re1 h6 15. Nfd2 Qa3 16. Nc4 Qe7 17. Ne3 O-O 18. Qh5 f5
19. Nd2 Qf6 20. Re2 Ba5 21. Nd1 e5 22. Nb3 Bc7 23. Ne3 e4 24. Bc4+ Kh7 25. Ree1
Nb6 26. Bf1 Nd5 27. c4 Ne7 28. Rad1 Ng6 29. c3 f4 30. Ng4 Qf5 31. Qxf5 Bxf5 32.
Ne5 Nxe5 33. dxe5 Bxe5 34. Nd4 Bg6 35. gxf4 Rxf4 36. Ne6 Rf6 37. Nd4 Raf8 38.
Rd2 c5 0-1

[Event "TIPC 2006"]
[Site "Charleroi BEL"]
[Date "2006.07.30"]
[Round "2"]
[White "Mohandesi, Shahin"]
[Black "Domelevo-Entfellner, Jean-Baka"]
[Result "1-0"]
[ECO "A80"]
[WhiteElo "2253"]
[BlackElo "1967"]
[PlyCount "93"]
[TimeControl "40/7200:3600"]

1. d4 f5 2. Nc3 Nf6 3. Bg5 d5 4. Bxf6 exf6 5. e3 a5
6. Bd3 Na6 7. Qf3 Nb4 8. Bxf5 Bxf5 9. Qxf5 g6 10. Qe6+ Be7 11. Rc1 Ra6 12. Qg4
f5 13. Qf3 Rd6 14. Nge2 c6 15. a3 Na6 16. O-O O-O 17. Ng3 Qd7 18. Qe2 g5 19. f4
gxf4 20. exf4 Bf6 21. Qd3 Bh8 22. Na4 b5 23. c3 Qa7 24. Nxf5 Rdf6 25. Ne3 bxa4
26. f5 Nb8 27. Ng4 Nd7 28. Rce1 h5 29. Nxf6+ Nxf6 30. Re6 c5 31. Qg3+ Bg7 32.
Rfe1 Ne4 33. R1xe4 dxe4 34. f6 Qf7 35. Qxg7+ Qxg7 36. fxg7 Kxg7 37. dxc5 Rb8
38. c6 Kf7 39. Rxe4 Rc8 40. Rc4 Ke7 41. Rxa4 Rxc6 42. Rxa5 Rb6 43. b4 Rc6 44.
Rc5 Ra6 45. Rxh5 Rxa3 46. Rc5 Ra2 47. h4 1-0

[Event "TIPC 2006"]
[Site "Charleroi BEL"]
[Date "2006.07.30"]
[Round "2"]
[White "Schuermans, Robert"]
[Black "Desinte, David"]
[Result "1-0"]
[ECO "C18"]
[WhiteElo "2251"]
[BlackElo "1962"]
[PlyCount "117"]
[TimeControl "40/7200:3600"]

1. e4 e6 2. d4 d5 3. Nc3 Bb4 4. e5 c5 5. a3 Bxc3+ 6.
bxc3 Qc7 7. Qg4 f5 8. Qh5+ Qf7 9. Qxf7+ Kxf7 10. a4 Nc6 11. Nf3 cxd4 12. cxd4
Nge7 13. c3 Rf8 14. Ba3 Bd7 15. Ng5+ Kg8 16. Bb5 Rfe8 17. h4 h6 18. Nh3 a6 19.
Be2 g6 20. Nf4 Kf7 21. Kd2 Na5 22. Rhb1 Bc6 23. Bc5 Nc4+ 24. Ke1 Nc8 25. a5 Bb5
26. Bd3 g5 27. Nh5 Rg8 28. Nf6 Rg7 29. hxg5 Rxg5 30. g3 Ne7 31. Bxe7 Kxe7 32.
Ke2 Rh8 33. Rh1 Bc6 34. Rh3 Kf7 35. f4 Rg7 36. Kf2 h5 37. Be2 Nd2 38. Rxh5 Rxh5
39. Nxh5 Ne4+ 40. Ke3 Rh7 41. Rh1 Nxc3 42. Rh4 Ne4 43. g4 fxg4 44. Bxg4 Be8 45.
f5 Ke7 46. f6+ Kf8 47. Rh1 Bf7 48. Bf3 Nc3 49. Nf4 Rxh1 50. Bxh1 Nd1+ 51. Kd2
Nb2 52. Kc3 Nc4 53. Kb4 Ke8 54. Bf3 Kd7 55. Nd3 Kc6 56. Nc5 Ne3 57. Be2 Nf5 58.
Kc3 Ng3 59. Bg4 1-0

[Event "TIPC 2006"]
[Site "Charleroi BEL"]
[Date "2006.07.30"]
[Round "2"]
[White "Di Cosmo, Jonathan"]
[Black "Bolzoni, Victor-Angel"]
[Result "0-1"]
[ECO "D85"]
[WhiteElo "1941"]
[BlackElo "2170"]
[PlyCount "126"]
[TimeControl "40/7200:3600"]

1. d4 Nf6 2. c4 g6 3. Nc3 d5 4. cxd5 Nxd5 5. e4 Nxc3
6. bxc3 Bg7 7. Be3 c5 8. Qd2 cxd4 9. cxd4 Nc6 10. Rd1 Qa5 11. Qxa5 Nxa5 12. Bd3
Bd7 13. Rc1 Rc8 14. Rxc8+ Bxc8 15. Ne2 Bd7 16. d5 b6 17. Kd2 O-O 18. Rc1 Be5
19. Bd4 Bb8 20. Bc3 Nb7 21. Bb4 Re8 22. Ba6 Nd6 23. e5 Nf5 24. f4 h5 25. Kd3
Rd8 26. Nd4 Kf8 27. Nxf5 Bxf5+ 28. Kd4 Be6 29. Bb7 Ke8 30. Ke4 Bd7 31. g3 Bb5
32. Bc6+ Bxc6 33. Rxc6 Kd7 34. h3 e6 35. Rc2 exd5+ 36. Kxd5 Re8 37. Re2 Rc8 38.
a4 a5 39. Ba3 Rc3 40. Bd6 Bxd6 41. exd6 Rd3+ 42. Kc4 Rxd6 43. Re3 Re6 44. Rb3
Kc6 45. Kd4 f5 46. Rc3+ Kb7 47. Kd5 Re4 48. Ra3 Ka6 49. Kc6 h4 50. Rb3 Rc4+ 51.
Kd5 Rxa4 52. Ke5 hxg3 53. Rxg3 Re4+ 54. Kf6 Rxf4 55. Rxg6 Rf3 56. h4 Rh3 57.
Rh6 a4 58. h5 a3 59. Rh8 Kb5 60. h6 a2 61. Ra8 Rxh6+ 62. Kxf5 Rh2 63. Ke4 Rh4+
0-1

[Event "TIPC 2006"]
[Site "Charleroi BEL"]
[Date "2006.07.30"]
[Round "2"]
[White "Hanley, James L"]
[Black "Frederiksen, Jens"]
[Result "1-0"]
[ECO "C74"]
[WhiteElo "2155"]
[BlackElo "1928"]
[PlyCount "75"]
[TimeControl "40/7200:3600"]

1. e4 e5 2. Nf3 Nc6 3. Bb5 a6 4. Ba4 d6 5. c3 b5 6.
Bc2 Bg4 7. h3 Bxf3 8. Qxf3 Qf6 9. Qe2 g6 10. O-O Bh6 11. a4 b4 12. Bd3 bxc3 13.
dxc3 Bxc1 14. Rxc1 Nb8 15. Nd2 Ne7 16. b4 O-O 17. a5 Qe6 18. Rcb1 Qc8 19. Nc4
Rd8 20. Ne3 c6 21. c4 c5 22. b5 Qc7 23. Qd2 Nd7 24. b6 Qb7 25. Bc2 Nf6 26. Nd5
Nfxd5 27. exd5 Rdb8 28. Ba4 Qc8 29. Qg5 Rb7 30. Qf6 Qd8 31. Ra3 Rc8 32. Rf3 Nf5
33. Rxf5 gxf5 34. Qxf5 Rcb8 35. Bc6 Re7 36. Qg5+ Kh8 37. Qf6+ Kg8 38. Rb3 1-0

[Event "TIPC 2006"]
[Site "Charleroi BEL"]
[Date "2006.07.30"]
[Round "2"]
[White "Both, Erik"]
[Black "Audin, Thierry"]
[Result "1-0"]
[ECO "C55"]
[WhiteElo "2286"]
[BlackElo "1990"]
[PlyCount "133"]
[TimeControl "40/7200:3600"]

1. e4 e6 2. d3 e5 3. Nf3 Nc6 4. d4 exd4 5. Bc4 Nf6 6. e5
Ne4 7. Bd5 Nc5 8. O-O Be7 9. Re1 O-O 10. Nxd4 Nxd4 11. Qxd4 d6 12. Nc3 dxe5 13.
Qxe5 Bd6 14. Qh5 c6 15. Bg5 Qc7 16. Be4 f5 17. Bf3 Ne6 18. Be2 Nxg5 19. Qxg5
Bxh2+ 20. Kh1 Be5 21. Bc4+ Kh8 22. Rad1 Bf6 23. Qd2 b5 24. Bb3 a5 25. a4 b4 26.
Ne2 Bxb2 27. Nf4 Bc3 28. Ng6+ hxg6 29. Qg5 Bf6 30. Qxg6 Qf4 31. Rd3 Qh6+ 32.
Rh3 Bh4 33. Qxh6+ gxh6 34. Rxh4 Kg7 35. Re7+ Kg6 36. Rc7 Ba6 37. Rxc6+ Kg5 38.
Rhxh6 Be2 39. Rcg6+ Kf4 40. Rh4+ Bg4 41. f3 Rh8 42. Rgh6 Rxh6 43. Rxh6 Kg5 44.
Rd6 Bh5 45. Kg1 Kf4 46. Kf2 Ke5 47. Rd5+ Kf6 48. g4 Bg6 49. Rd6+ Kg7 50. g5 f4
51. Rd7+ Kh8 52. Rd4 Rc8 53. Rxf4 Bxc2 54. Be6 Rb8 55. Rc4 b3 56. Rc5 b2 57.
Ba2 Bxa4 58. Bb1 Rb5 59. Rc8+ Kg7 60. Rc7+ Kg8 61. f4 Bb3 62. f5 Rb4 63. Rc8+
Kf7 64. Rc7+ Kg8 65. Ke3 Rg4 66. g6 a4 67. f6 1-0

[Event "TIPC 2006"]
[Site "Charleroi BEL"]
[Date "2006.07.30"]
[Round "2"]
[White "Chevry, Philippe"]
[Black "Demanghon, Jonathan"]
[Result "0-1"]
[ECO "D15"]
[WhiteElo "1932"]
[BlackElo "2160"]
[PlyCount "72"]
[TimeControl "40/7200:3600"]

1. d4 d5 2. c4 c6 3. Nf3 Nf6 4. Nc3 dxc4 5. g3 Bf5 6. Ne5
Nbd7 7. Nxc4 Nb6 8. Ne5 Nfd7 9. Bf4 Nxe5 10. dxe5 Qxd1+ 11. Rxd1 g6 12. h3 Bg7
13. g4 Be6 14. e4 h5 15. Rg1 hxg4 16. hxg4 Nd7 17. Be2 Nxe5 18. Bg5 Nc4 19. Bc1
Nd6 20. Bd2 O-O-O 21. f4 Bc4 22. e5 Bxe2 23. Nxe2 Nc4 24. Bc3 Ne3 25. Rc1 Nd5
26. Bd2 g5 27. f5 Bxe5 28. Bxg5 f6 29. Bd2 Bxb2 30. Rc2 Be5 31. Kf2 Rh2+ 32.
Kf3 Rdh8 33. Re1 R8h3+ 34. Ke4 Rg2 35. Bf4 Rxg4 36. Rf1 Re3# 0-1

[Event "TIPC 2006"]
[Site "Charleroi BEL"]
[Date "2006.07.30"]
[Round "2"]
[White "Van Uytven, Eric"]
[Black "Leloutre, Bernard"]
[Result "1-0"]
[ECO "E10"]
[WhiteElo "2167"]
[BlackElo "1935"]
[PlyCount "103"]
[TimeControl "40/7200:3600"]

1. d4 e6 2. c4 Nf6 3. Nf3 Nc6 4. Nc3 Bb4 5. Bd2 d6 6. d5
Bxc3 7. Bxc3 Nb8 8. e4 e5 9. Nd2 O-O 10. Bd3 a5 11. O-O Nbd7 12. Bc2 Nc5 13.
Qe2 Bg4 14. f3 Bh5 15. Qf2 Bg6 16. Rfe1 Re8 17. b3 Nh5 18. Kh1 b6 19. Nf1 h6
20. g3 Qg5 21. Bd2 Qf6 22. Kg1 Kh8 23. Ne3 Kg8 24. Ng2 Kh8 25. Be3 Qd8 26. Kh1
Nf6 27. Qd2 Bh7 28. Rg1 Rg8 29. Qf2 Nfd7 30. Bd2 f6 31. Ne3 Qe8 32. g4 Qf7 33.
Rg2 g5 34. h4 Rg7 35. Rh2 Kg8 36. Rg1 Bg6 37. Kg2 Kf8 38. Rgh1 Ke7 39. hxg5
hxg5 40. Rh6 Rag8 41. a3 Ke8 42. b4 axb4 43. axb4 Na6 44. Qg1 Rh7 45. Rxh7 Bxh7
46. Qa1 Nab8 47. Qa7 Kd8 48. c5 bxc5 49. bxc5 dxc5 50. Ba5 Bg6 51. Bxc7+ Ke7
52. d6+ 1-0

[Event "TIPC 2006"]
[Site "Charleroi BEL"]
[Date "2006.07.30"]
[Round "2"]
[White "Minet, Julien"]
[Black "Guezennec, Franck"]
[Result "0-1"]
[ECO "B33"]
[WhiteElo "1927"]
[BlackElo "2152"]
[PlyCount "82"]
[TimeControl "40/7200:3600"]

1. e4 c5 2. Nf3 Nc6 3. d4 cxd4 4. Nxd4 Nf6 5. Nc3 e5 6.
Ndb5 d6 7. Bd3 a6 8. Na3 b5 9. Ne2 d5 10. Bg5 dxe4 11. Bxf6 Qa5+ 12. Nc3 exd3
13. Qf3 Bb7 14. Bxe5 Bxa3 15. O-O Nxe5 16. Qxb7 O-O 17. Ne4 Bxb2 18. Rab1 Qxa2
19. cxd3 Nxd3 20. Rbd1 Nf4 21. Rd2 Rab8 22. Qc7 Ne6 23. Qg3 Qc4 24. Nd6 Qb4 25.
Rfd1 Bc3 26. Rd3 Nf4 27. Re3 Bd2 28. Nf5 Ng6 29. Rf3 Rbd8 30. Rf1 Rfe8 31. h4
Qc4 32. Rd1 Bf4 33. Rxd8 Qc1+ 34. Kh2 Bxg3+ 35. Rxg3 Rxd8 36. h5 Rd1 37. Re3
Rh1+ 38. Kg3 Qc7+ 39. Kf3 Qf4+ 40. Ke2 Qxf5 41. hxg6 hxg6 0-1